 Dungeon Crawl Stone Soup version 0.28.0-1-gb440e238dd (webtiles) character file.

Game seed: 11629176251050082936

9775 mortz the Destroyer (level 11, -3/75 HPs)
             Began as a Human Conjurer on Feb 25, 2022.
             Was an Initiate of Vehumet.
             Slain by an eight-headed hydra (8 damage)
             ... on level 1 of the Lair of Beasts on Feb 26, 2022.
             The game lasted 01:48:19 (17022 turns).

mortz the Destroyer (Human Conjurer)               Turns: 17022, Time: 01:48:20

Health: -3/75      AC:  9    Str: 10    XL:     11   Next: 80%
Magic:  18/32      EV: 14    Int: 23    God:    Vehumet [......]
Gold:   634        SH:  0    Dex: 15    Spells: 7/27 levels left

rFire   . . .      SeeInvis .   z - staff of conjuration {!a@e2staff}
rCold   + . .      Faith    .   (no shield)
rNeg    + . .      Spirit   .   H - +0 leather armour
rPois   .          Reflect  .   e - +0 helmet
rElec   .          Harm     .   (no cloak)
rCorr   .          Rampage  .   i - +1 pair of gloves
Will    +....                   f - +1 pair of boots
Stlth   +++.......              (no amulet)
HPRegen 0.22/turn               Q - ring of Joduren {rC+ Will+ MP+9 Str+3}
MPRegen 0.23/turn               J - ring of Ratayngu {rN+ Dex+3}

@: no status effects
A: no striking features
a: Renounce Religion


You were on level 1 of the Lair of Beasts.
You worshipped Vehumet.
Vehumet was noncommittal.
You visited 3 branches of the dungeon, and saw 13 of its levels.

You collected 634 gold pieces.


   Skills:
 + Level 3.0 Fighting
 + Level 1.2 Short Blades
 + Level 2.3 Maces & Flails
 + Level 4.1 Polearms
 + Level 3.5 Throwing
 + Level 5.4 Armour
 + Level 5.6 Dodging
 + Level 5.0 Stealth
 + Level 8.9 Spellcasting
 + Level 10.3 Conjurations
 + Level 1.1 Translocations
 + Level 2.0 Fire Magic


You had 7 spell levels left.
You knew the following spells:

 Your Spells              Type           Power      Damage    Failure   Level
a - Magic Dart            Conj           100%       1d8       1%          1
b - Searing Ray           Conj           100%       2d8       1%          2
c - Blink                 Tloc           30%        N/A       8%          2
d - Sticky Flame          Conj/Fire      55%        2d7       6%          4
e - Dazzling Flash        Conj/Hex       100%       N/A       3%          3
f - Iskenderun's Mystic   Conj/Tloc      53%        2d11      8%          4
g - Flame Wave            Conj/Fire      55%        2d11      6%          4

Your spell library contained the following spells:

 Spells                   Type           Power      Damage    Failure   Level
 Conjure Flame            Conj/Fire      55%        6-21      1%          3
 Scorch                   Fire           38%        2d6       5%          2
 Animate Skeleton         Necr           20%        N/A       9%          1
 Beastly Appendage        Tmut           20%        N/A       9%          1
 Pain                     Necr           40%        1d6       9%          1
 Fulminant Prism          Conj/Hex       25%        3d14      10%         4
 Wereblood                Tmut           10%        N/A       13%         2
 Ignite Poison            Fire/Tmut/Pois 13%        N/A       19%         3
 Portal Projectile        Hex/Tloc       26%        N/A       19%         3
 Call Canine Familiar     Summ           10%        N/A       26%         3
 Spider Form              Tmut/Pois      10%        N/A       26%         3
 Vampiric Draining        Necr           10%        2d6       26%         3
 Animate Dead             Necr           5%         N/A       63%         4
 Leda's Liquefaction      Hex/Erth       5%         N/A       63%         4
 Manifold Assault         Tloc           15%        N/A       80%         5
 Agony                    Necr           10%        N/A       93%         5
 Borgnjor's Vile Clutch   Necr/Erth      5%         N/A       93%         5
 Silence                  Hex/Air        5%         N/A       93%         5
 Death Channel            Necr           5%         N/A       100%        6
 Summon Cactus Giant      Summ           5%         N/A       100%        6
 Storm Form               Tmut/Air       5%         N/A       100%        7

Inventory:

Hand Weapons
 d - a +5 trident of venom {polearm}
   (You took it off a gnoll sergeant on level 6 of the Dungeon)
 g - a +3 great sword {long}
   (You took it off a wight on level 7 of the Dungeon)
 m - a +2 whip of venom {mace}
   (You took it off a kobold on level 10 of the Dungeon)
 o - a +1 dagger of venom {short}
   (You took it off a goblin on level 2 of the Dungeon)
 p - a +3 dagger {short}
   (You took it off a kobold on level 2 of the Dungeon)
 L - a +3 vorpal flail {mace}
   (You took it off an orc on level 7 of the Dungeon)
 P - a +1 mace of protection {mace}
   (You took it off an orc on level 8 of the Dungeon)
 R - a +2 falchion of freezing {long}
   (You took it off a wight on level 9 of the Dungeon)
 T - a +3 scimitar {long}
   (You took it off a wight on level 9 of the Dungeon)
Missiles
 b - 14 stones {throwing}
 n - a throwing net {=f!fthrowing}
 v - 19 poisoned darts (quivered) {throwing}
 w - 5 atropa-tipped darts {throwing}
 y - 8 boomerangs {throwing}
Armour
 c - a +0 ring mail
   (You found it on level 1 of the Dungeon)
 e - a +0 helmet (worn)
   (You found it on level 1 of the Dungeon)
 f - a +1 pair of boots (worn)
   (You found it on level 1 of the Dungeon)
 i - a +1 pair of gloves (worn)
   (You found it on level 1 of the Dungeon)
 j - a +0 plate armour
   (You took it off a goblin on level 1 of the Dungeon)
 B - a +0 scale mail
   (You found it on level 5 of the Dungeon)
 H - a +0 leather armour (worn)
   (You took it off an orc on level 5 of the Dungeon)
 I - the +2 pair of boots of Defiance {Contam Fly rElec rF- Stlth+}
   (You found it on level 5 of the Dungeon)

   rF:        It makes you vulnerable to fire.
   rElec:     It insulates you from electricity.
   Fly:       It grants you flight.
   Contam:    It causes magical contamination when unequipped.
   Stlth:     It makes you more stealthy.
Magical Staves
 z - a staff of conjuration (weapon) {!a@e2staff}
   (You found it on level 5 of the Dungeon)
Jewellery
 l - a ring of magical power
   (You found it on level 2 of the Dungeon)
 J - the ring of Ratayngu (right hand) {rN+ Dex+3}
   (You found it on level 5 of the Dungeon)

   [ring of positive energy]

   Dex:       It affects your dexterity (+3).
   rN:        It protects you from negative energy.
 K - a ring of ice
   (You took it off an orc wizard on level 9 of the Dungeon)
 Q - the ring of Joduren (left hand) {rC+ Will+ MP+9 Str+3}
   (You found it on level 1 of the Lair of Beasts)

   [ring of magical power]

   Str:       It affects your strength (+3).
   rC:        It protects you from cold.
   MP:        It affects your magic capacity (+9).
   Will:      It increases your willpower.
Wands
 s - a wand of charming (14)
   (You found it on level 3 of the Dungeon)
 t - a wand of iceblast (18)
   (You took it off Ijyb on level 3 of the Dungeon)
 D - a wand of digging (13)
   (You found it on level 5 of the Dungeon)
Scrolls
 r - 2 scrolls of fog
 u - 6 scrolls of teleportation {@r4}
 G - a scroll of silence {!r}
 N - a scroll of enchant weapon
 O - 3 scrolls of fear
Potions
 a - a potion of ambrosia {unknown}
 h - 4 potions of brilliance
 k - 2 potions of lignification {unknown}
 q - a potion of mutation {unknown}
 x - 2 potions of heal wounds {@q2}
 A - a potion of resistance
 C - a potion of degeneration {unknown}
 E - 2 potions of might
 F - a potion of attraction {unknown}
 M - a potion of haste {unknown}

Dungeon Overview and Level Annotations

Branches:
Dungeon (11/15)            Temple (1/1) D:6            Lair (1/6) D:9
    Orc (0/2) D:9

Altars:
Ashenzari
Cheibriados
Dithmenos
Elyvilon
Fedhas
Gozag
Hepliaklqana
Kikubaaqudgha
Makhleb
Nemelex Xobeh
Okawaru
Qazlal
Ru
Sif Muna
Trog
Uskayaw
Vehumet
Wu Jian
Xom
Yredelemnul
Zin
The Shining One

Shops:
D:1 = D:5

(
###....#####....#
#.....####.....##
...
##....#.#.#....##
..
)........#..P.##
.. #
..##.#.......##
##.#.#
^.######.†..##
##..(.# ###
###..### #..(.#
#..^...####.D.#
#....#...#.#@.#
......###.....###
.....# ##....#
....# #.....#
#### #....###
#.>..## #....##
.....# ....#


You could see an eight-headed hydra (burning, poisoned).


Message History

The poisoned dart {throwing} hits the eight-headed hydra.
Throw: 21 darts (poison) {throwing}
Press: ? - help, Q - select action, (/) - cycle Shift-Dir - straight line, f/p - eight-headed hydra
Aim: an eight-headed hydra (79% to hit)
You throw a poisoned dart {throwing}.
The poisoned dart {throwing} hits the eight-headed hydra!
Throw: 20 darts (poison) {throwing}
Press: ? - help, Q - select action, (/) - cycle Shift-Dir - straight line, f/p - eight-headed hydra
Aim: an eight-headed hydra (79% to hit)
You throw a poisoned dart {throwing}.
The poisoned dart {throwing} hits the eight-headed hydra.
The eight-headed hydra is poisoned.
Casting: Searing Ray (safe; 1% risk of failure)
Confirm with . or Enter, or press ? or * to list all spells.
Aiming: Sticky Flame (dangerous; 6% risk of failure)
Press: ? - help, Shift-Dir - straight line, f/p - eight-headed hydra
Aim: an eight-headed hydra (poisoned, 100% to hit)
You feel a surge of power!
The sticky flame hits the eight-headed hydra!
The eight-headed hydra is covered in liquid flames!
The eight-headed hydra burns!
The eight-headed hydra bites you. The eight-headed hydra misses you.
The eight-headed hydra completely misses you.
The eight-headed hydra bites you. x2
The eight-headed hydra closely misses you.
The eight-headed hydra barely misses you.
The eight-headed hydra misses you. 😕 HP[-12] MP[-4]
You take 12 damage, and now have 63/75 hp.
You lost 4 mp, and now have 28/32 mp.
Casting: Sticky Flame (dangerous; 6% risk of failure)
Confirm with . or Enter, or press ? or * to list all spells.
Aiming: Searing Ray (safe; 1% risk of failure)
Press: ? - help, Shift-Dir - straight line, f/p - eight-headed hydra
Aim: an eight-headed hydra (lightly wounded, covered in liquid flames, poisoned, 95% to hit)
You feel a surge of power!
The searing ray hits the eight-headed hydra! (Press . to maintain the ray.)
The eight-headed hydra burns!
The eight-headed hydra bites you but does no damage.
The eight-headed hydra barely misses you.
The eight-headed hydra bites you but does no damage.
The eight-headed hydra misses you.
The eight-headed hydra bites you but does no damage.
The eight-headed hydra barely misses you.
The eight-headed hydra bites you but does no damage. x2 😕 MP[-2]
You lost 2 mp, and now have 26/32 mp.
The searing ray hits the eight-headed hydra!
The eight-headed hydra burns!
The eight-headed hydra bites you but does no damage.
The eight-headed hydra bites you.
The eight-headed hydra barely misses you.
The eight-headed hydra bites you.
The eight-headed hydra bites you but does no damage.
The eight-headed hydra bites you. x2; The eight-headed hydra bites you!
* * * LOW HITPOINT WARNING * * *
😨 HP[-29] MP[-1]
You take 29 damage, and now have 34/75 hp.
MASSIVE DAMAGE!! (PAUSE)
You lost 1 mp, and now have 25/32 mp.
Casting: Searing Ray (safe; 1% risk of failure)
Confirm with . or Enter, or press ? or * to list all spells.
Aiming: Sticky Flame (dangerous; 6% risk of failure)
Press: ? - help, Shift-Dir - straight line, f/p - eight-headed hydra
Aim: an eight-headed hydra (heavily wounded, covered in liquid flames, poisoned, 100% to hit)
You feel a surge of power!
The sticky flame hits the eight-headed hydra!
The eight-headed hydra is covered in liquid flames!
The eight-headed hydra burns!
The eight-headed hydra bites you.
* * * LOW HITPOINT WARNING * * *
The eight-headed hydra barely misses you.
The eight-headed hydra completely misses you.
The eight-headed hydra bites you.
* * * LOW HITPOINT WARNING * * *
The eight-headed hydra barely misses you.
The eight-headed hydra bites you.
* * * LOW HITPOINT WARNING * * *
The eight-headed hydra barely misses you. x2 😨 HP[-11] MP[-3]
You take 11 damage, and now have 23/75 hp.
You lost 3 mp, and now have 22/32 mp.
Casting: Sticky Flame (dangerous; 6% risk of failure)
Confirm with . or Enter, or press ? or * to list all spells.
Aiming: Sticky Flame (dangerous; 6% risk of failure)
Press: ? - help, Shift-Dir - straight line, f/p - eight-headed hydra
Aim: an eight-headed hydra (severely wounded, covered in liquid flames, poisoned, 100% to hit)
You feel a surge of power!
The sticky flame hits the eight-headed hydra!
The eight-headed hydra is covered in liquid flames!
The eight-headed hydra burns!
The eight-headed hydra bites you but does no damage. x2
The eight-headed hydra bites you.
* * * LOW HITPOINT WARNING * * *
The eight-headed hydra bites you!
* * * LOW HITPOINT WARNING * * *
The eight-headed hydra bites you.
* * * LOW HITPOINT WARNING * * *
The eight-headed hydra bites you!
You die...

Skill      XL: |  1  2  3  4  5  6  7  8  9 10 11 |
---------------+----------------------------------+-----
Conjurations   | 5 6 7 8 9 10 | 10.3
Maces & Flails | 1 2 |  2.3
Short Blades   | 1 |  1.2
Spellcasting   | 3 4 5 7 8 |  8.9
Stealth        | 3 4 5 |  5.0
Dodging        | 3 4 5 |  5.6
Fighting       | 1 2 3 |  3.0
Armour         | 3 4 5 |  5.4
Polearms       | 2 3 4 |  4.1
Fire Magic     | 1 2 |  2.0
Throwing       | 3 |  3.5
Translocations | 1 |  1.1

Action                   |  1- 3 |  4- 6 |  7- 9 | 10-12 || total
-------------------------+-------+-------+-------+-------++-------
Melee: Short sword       |     7 |       |       |       ||     7
       Mace              |       |    10 |       |       ||    10
       Punch             |       |     1 |       |     1 ||     2
       Trident           |       |       |     6 |     1 ||     7
       Staff             |       |       |       |     8 ||     8
Throw: Dart              |       |       |       |    52 ||    52
 Cast: Magic Dart        |    25 |    53 |    51 |    75 ||   204
       Searing Ray       |    11 |    27 |    60 |    68 ||   166
       Sticky Flame      |       |       |       |    28 ||    28
       Iskenderun's Myst |       |       |       |     1 ||     1
  Use: Scroll            |       |     6 |    10 |     5 ||    21
 Stab: Sleeping          |       |     1 |     1 |       ||     2
Armor: Robe              |    14 |     9 |     5 |       ||    28
       Leather armour    |       |       |    28 |    33 ||    61
Dodge: Dodged            |    16 |    13 |    60 |    97 ||   186

Levels and vault maps discovered:
D:1:      minmay_arrival_stone_box, layout_basic,
          shapermc_ecumenical_altar_petra, serial_shops, shop
D:2:      layout_loops_cross, uniq_natasha, uniq_robin
D:3:      layout_rooms, serial_co_window_serial, co_window_paths_b,
          co_window_corner_a, co_window_paths_b, co_window_paths_a,
          co_window_corner_a, co_window_corner_a, co_window_corner_a,
          co_window_of_opportunity_a, co_window_paths_a, co_window_broadway_c,
          co_window_2corner, co_window_corner_b, glass_columns_b,
          glass_columns_a, glass_columns_a, kennysheep_cross_bottleneck,
          minmay_misc_feat_chi, minivault_14, uniq_ijyb
D:4:      layout_basic, kennysheep_mini_moat, kennysheep_small_circle
D:5:      minmay_razor_zed, layout_rooms, nicolae_shop_firing_range
D:6:      layout_gridville, mainiacjoe_overflow_surrounded_room,
          mainiacjoe_overflow_24_doors, minmay_temple_entry_overgrown
D:7:      layout_cave_pools, nicolae_overflow_hallway_of_the_gods
D:8:      layout_basic, nicolae_kikubaaqudgha_miasma_corner, uniq_prince_ribbit1
D:9:      layout_cave_pods, lightli_temple_of_fire, nicolae_vehumet_radiance,
          lair_entry_dummy, serial_park, serial_park_square3
          [serial_park_minivault_5x5_6], serial_park_tiny_pond,
          serial_park_square3 [serial_park_minivault_5x5_6], uniq_grum
D:10:     layout_basic
D:11:     layout_loops_ring, portal_ice_cave_rime, grunt_decor_resistance,
          minmay_crystal_water
Temple:   jpeg_temple_alley_garden
Lair:1:   layout_concentric_octagons

Notes
Turn   | Place    | Note
-------+----------+-------------------------------------------
     0 | D:1      | mortz the Human Conjurer began the quest for the Orb.
     0 | D:1      | Reached XP level 1. HP: 13/13 MP: 3/3
     0 | D:1      | magus.rc [v1.9.6]
   146 | D:1      | Reached XP level 2. HP: 19/19 MP: 0/5
   207 | D:1      | Found Gawe's Jewellery Boutique.
   230 | D:1      | Learned a level 2 spell: Searing Ray
   618 | D:1      | Reached XP level 3. HP: 24/24 MP: 4/6
   714 | D:1      | Found a faded altar of an unknown god.
  1038 | D:2      | Noticed Robin
  1440 | D:2      | Killed Robin
  1441 | D:2      | Reached XP level 4. HP: 30/30 MP: 1/7
  1763 | D:2      | Reached skill level 5 in Conjurations
  1893 | D:2      | You add the spells Conjure Flame, Ignite Poison and Sticky
                  | Flame to your library.
  2039 | D:2      | Reached XP level 5. HP: 35/35 MP: 9/9
  2095 | D:2      | Noticed Natasha
  2101 | D:2      | Killed Natasha
  2102 | D:2      | Reached skill level 1 in Maces & Flails
  2265 | D:2      | You pick up a book of Unlife and begin reading...
  2265 | D:2      | You add the spells Animate Dead, Borgnjor's Vile Clutch and
                  | Death Channel to your library.
  2484 | D:2      | Noticed Natasha
  2487 | D:2      | Killed Natasha
  2560 | D:3      | Reached skill level 1 in Short Blades
  2683 | D:3      | Reached XP level 6. HP: 38/41 MP: 10/10
  2894 | D:3      | Reached skill level 3 in Spellcasting
  3510 | D:3      | Noticed Ijyb
  3523 | D:3      | HP: 7/41 [Ijyb (8)]
  3524 | D:3      | HP: 2/41 [Ijyb (5)]
  3525 | D:3      | Killed Ijyb
  4016 | D:4      | Reached skill level 3 in Stealth
  4449 | D:4      | Reached skill level 2 in Maces & Flails
  4565 | D:4      | Reached XP level 7. HP: 26/47 MP: 12/12
  4880 | D:4      | Found a snail-covered altar of Cheibriados.
  5231 | D:5      | Entered Level 5 of the Dungeon
  5307 | D:5      | Found Pyliehos's Firing Range.
  5496 | D:5      | Reached skill level 4 in Spellcasting
  5591 | D:5      | Reached skill level 6 in Conjurations
  5596 | D:5      | Reached XP level 8. HP: 48/53 MP: 11/14
  5819 | D:5      | Reached skill level 3 in Dodging
  5963 | D:5      | Reached skill level 1 in Fighting
  6038 | D:5      | Reached skill level 5 in Spellcasting
  6202 | D:5      | Reached skill level 4 in Stealth
  6297 | D:5      | Reached skill level 7 in Conjurations
  6537 | D:5      | Identified the +2 pair of boots of Defiance {Contam Fly
                  | rElec rF- Stlth+}
  6620 | D:5      | Reached XP level 9. HP: 59/59 MP: 17/17
  6664 | D:5      | Identified the ring of Ratayngu {rN+ Dex+3}
  6809 | D:6      | Reached skill level 6 in Spellcasting
  7002 | D:6      | Found a staircase to the Ecumenical Temple.
  7013 | Temple   | Entered the Ecumenical Temple
  7364 | D:6      | Reached skill level 1 in Armour
  7587 | D:6      | Reached skill level 4 in Dodging
  7591 | D:6      | Reached skill level 2 in Fighting
  7796 | D:6      | Noticed a boulder beetle
  7930 | D:6      | Reached skill level 8 in Conjurations
  7985 | D:6      | Reached skill level 2 in Armour
  8030 | D:6      | HP: 11/61 [centaur/arrow (8)]
  8031 | D:6      | HP: 3/61 [centaur/arrow (9)]
  8350 | D:7      | Found a glowing golden altar of the Shining One.
  8353 | D:7      | Found a sacrificial altar of Ru.
  8359 | D:7      | Found an iron altar of Okawaru.
  8361 | D:7      | Found a shadowy altar of Dithmenos.
  8362 | D:7      | Found a broken altar of Ashenzari.
  8367 | D:7      | Found a hazy altar of Hepliaklqana.
  8474 | D:6      | Found a bloodstained altar of Trog.
  8503 | D:6      | HP: 14/61 [poisoned by a gnoll sergeant]
  8508 | D:6      | HP: 8/61 [poisoned by a gnoll sergeant]
  8822 | D:6      | Found a sparkling altar of Nemelex Xobeh.
  9641 | D:6      | Killed a boulder beetle
  9642 | D:6      | Reached skill level 2 in Polearms
  9642 | D:6      | Reached skill level 3 in Armour
  9642 | D:6      | Reached skill level 7 in Spellcasting
  9642 | D:6      | Reached XP level 10. HP: 20/68 MP: 20/20
 10082 | D:7      | Reached skill level 5 in Dodging
 10135 | D:7      | Reached skill level 4 in Armour
 10136 | D:7      | You add the spells Blink, Manifold Assault and Storm Form
                  | to your library.
 10140 | D:7      | Learned a level 2 spell: Blink
 10145 | D:7      | Learned a level 4 spell: Sticky Flame
 10149 | D:7      | Learned a level 3 spell: Dazzling Flash
 10154 | D:7      | Learned a level 4 spell: Iskenderun's Mystic Blast
 10838 | D:8      | Reached skill level 3 in Polearms
 10884 | D:8      | Found an ancient bone altar of Kikubaaqudgha.
 10887 | D:8      | Noticed Prince Ribbit
 11091 | D:8      | Killed Prince Ribbit
 11183 | D:8      | You pick up a book of the Senses and begin reading...
 11183 | D:8      | You add the spells Agony and Silence to your library.
 11224 | D:8      | You pick up a book of Changes and begin reading...
 11224 | D:8      | You add the spells Beastly Appendage, Wereblood and Spider
                  | Form to your library.
 11474 | D:9      | Found a staircase to the Orcish Mines.
 11513 | D:9      | Reached skill level 5 in Stealth
 11750 | D:9      | magus.rc [v1.9.6]
 11921 | D:9      | Reached skill level 9 in Conjurations
 12083 | D:9      | Noticed a two-headed ogre
 12092 | D:9      | Killed a two-headed ogre
 12093 | D:9      | Reached skill level 8 in Spellcasting
 12093 | D:9      | Reached skill level 1 in Fire Magic
 12093 | D:9      | Reached XP level 11. HP: 57/74 MP: 15/23
 12294 | D:9      | You pick up a book of the Hunter and begin reading...
 12294 | D:9      | You add the spells Call Canine Familiar, Portal Projectile
                  | and Leda's Liquefaction to your library.
 12323 | D:9      | Reached skill level 4 in Polearms
 12449 | D:9      | Found a radiant altar of Vehumet.
 12457 | D:9      | Became a worshipper of Vehumet
 12676 | D:9      | Reached skill level 1 in Throwing
 12684 | D:9      | Noticed Grum
 12696 | D:9      | Killed Grum
 12719 | D:9      | HP: 18/74 [centaur/arrow (4)]
 13047 | D:9      | Found a staircase to the Lair.
 13257 | D:9      | Found a burning altar of Makhleb.
 13732 | D:10     | Entered Level 10 of the Dungeon
 13762 | D:10     | You pick up a book of Scorching and begin reading...
 13762 | D:10     | You add the spells Scorch, Flame Wave and Summon Cactus
                  | Giant to your library.
 13768 | D:10     | Learned a level 4 spell: Flame Wave
 13783 | D:10     | You pick up a book of Necromancy and begin reading...
 13783 | D:10     | You add the spells Pain, Animate Skeleton and Vampiric
                  | Draining to your library.
 14018 | D:10     | Paralysed by a hornet for 3 turns
 14027 | D:10     | HP: 11/74 [gargoyle (14)]
 14438 | D:10     | Reached skill level 2 in Throwing
 14438 | D:10     | Reached skill level 5 in Armour
 14489 | D:10     | Reached skill level 10 in Conjurations
 15431 | D:10     | magus.rc [v1.9.6]
 15672 | Lair:1   | Entered Level 1 of the Lair of Beasts
 15917 | D:9      | Reached skill level 3 in Throwing
 16012 | D:9      | Reached skill level 1 in Translocations
 16255 | Lair:1   | Reached skill level 3 in Fighting
 16387 | Lair:1   | HP: 18/75 [poisoned by a cane toad]
 16392 | Lair:1   | HP: 12/75 [poisoned by a cane toad]
 16730 | Lair:1   | Identified the ring of Joduren {rC+ Will+ MP+9 Str+3}
 16799 | Lair:1   | Noticed an eight-headed hydra
 16815 | Lair:1   | Reached skill level 2 in Fire Magic
 17022 | Lair:1   | HP: 8/75 [eight-headed hydra (12)]
 17022 | Lair:1   | Slain by an eight-headed hydra

Vanquished Creatures
  A boulder beetle (D:6)
  A two-headed ogre (D:9)
  A centaur zombie (D:10)
  A gargoyle (D:10)
  A cane toad (Lair:1)
  A troll (D:11)
  A hornet (D:10)
  Prince Ribbit (D:8)
  A shadow (D:10)
  3 wyverns
  Grum (D:9)
  10 yaks
  5 vampire mosquitoes
  2 water moccasins
  2 orc warriors (D:9)
  2 necrophages
  4 ice beasts
  2 sky beasts
  6 centaurs
  2 wolves (D:9)
  3 ogres
  2 phantoms (D:5)
  3 kobold brigands
  2 bullfrogs
  2 scorpions
  A gnoll sergeant (D:6)
  A wyvern skeleton (D:7)
  2 water moccasin skeletons (D:4)
  A killer bee (D:9)
  8 wights
  4 howler monkeys
  2 bullfrog zombies (D:5)
  2 hounds
  A jelly (D:6)
  3 orc priests
  A bullfrog skeleton (D:5)
  A centaur skeleton (D:5)
  A gnoll shaman (D:9)
  A scorpion zombie (D:5)
  4 iguanas
  Ijyb (D:3)
  Natasha (twice) (D:2)
  7 orc wizards
  Robin (D:2)
  6 adders
  7 gnolls
  A howler monkey skeleton (D:5)
  A shadow imp (D:5)
  3 ufetubi (D:5)
  3 worms (D:3)
  2 dart slugs
  20 orcs
  11 ball pythons
  4 bats
  6 endoplasms
  5 giant cockroaches
  16 goblins
  13 hobgoblins
  4 jackals (D:5)
  4 quokkas
  2 frilled lizards
  14 kobolds
  3 rats
229 creatures vanquished.

Vanquished Creatures (others)
  10 fungi (D:9)
  4 plants
14 creatures vanquished.

Grand Total: 243 creatures vanquished

Table legend:
 A = Non-vault XP
 B = Vault XP
 C = Vault XP percentage of total XP
 D = Non-vault monster count
 E = Vault monster count
 F = Vault count percentage of total count
                 A         B        C        D         E       F
            +---------+---------+-------+---------+---------+-------
      Total |   10741 |    3224 |  23.1 |     189 |      40 |  17.5
            +---------+---------+-------+---------+---------+-------
        D:1 |      37 |      14 |  27.5 |      21 |       7 |  25.0
        D:2 |     135 |      55 |  28.9 |      22 |       5 |  18.5
        D:3 |      63 |      36 |  36.4 |      17 |       1 |   5.6
        D:4 |     191 |      71 |  27.1 |      17 |       3 |  15.0
        D:5 |     583 |     858 |  59.5 |      21 |      13 |  38.2
        D:6 |    2335 |       0 |   0.0 |      21 |       0 |   0.0
        D:7 |     887 |       0 |   0.0 |      14 |       0 |   0.0
        D:8 |     556 |     264 |  32.2 |       7 |       1 |  12.5
        D:9 |    1880 |    1926 |  50.6 |      29 |      10 |  25.6
       D:10 |    2816 |       0 |   0.0 |      14 |       0 |   0.0
       D:11 |     376 |       0 |   0.0 |       2 |       0 |   0.0
     Lair:1 |     882 |       0 |   0.0 |       4 |       0 |   0.0
            +---------+---------+-------+---------+---------+-------

Illustrated notes

Table legend:
 A = Kills in this place as a percentage of kills in entire the game.
 B = Kills by you in this place as a percentage of kills by you in the entire game.
 C = Kills by friends in this place as a percentage of kills by friends in the entire game.
 D = Other kills in this place as a percentage of other kills in the entire game.
 E = Experience gained in this place as a percentage of experience gained in the entire game.
 F = Experience gained in this place divided by the number of levels of this place that you have seen.
                   A       B       C       D       E      F
               +-------+-------+-------+-------+-------+----------------------
         Total | 100.0 | 100.0 |   N/A |   N/A | 100.0 | 1074.2
       Dungeon |  98.3 |  98.3 |   N/A |   N/A |  93.7 | 1189.4
          Lair |   1.7 |   1.7 |   N/A |   N/A |   6.3 | 882.0
               +-------+-------+-------+-------+-------+----------------------

Table legend: (Time is in decaauts)
 A = Elapsed time spent in this place.
 B = Non-inter-level travel time spent in this place.
 C = Inter-level travel time spent in this place.
 D = Time resting spent in this place.
 E = Time spent auto-exploring this place.
 F = Levels seen in this place.
 G = Mean time per level.
                   A        B        C        D        E       F      G
               +--------+--------+--------+--------+--------+-----+--------+
         Total |  17055 |  15933 |   1122 |   7317 |   6000 |  13 | 1311.9 |
       Dungeon |  16125 |  15091 |   1034 |   7049 |   5783 |  11 | 1465.9 |
        Temple |    274 |    200 |     74 |      0 |    194 |   1 |  274.0 |
          Lair |    655 |    642 |     13 |    268 |     23 |   1 |  655.0 |
               +--------+--------+--------+--------+--------+-----+--------+

Top non-repeatable levels by time:
     D:9: 3055 daAuts
     D:6: 2272 daAuts
     D:5: 1582 daAuts
     D:3: 1528 daAuts
    D:10: 1449 daAuts
     D:1: 1449 daAuts
     D:7: 1372 daAuts
     D:4: 1295 daAuts
     D:2: 1136 daAuts
     D:8: 842 daAuts
  Lair:1: 655 daAuts
  Temple: 274 daAuts
    D:11: 139 daAuts
